 Dungeon Sprint DCSS version 0.30-a0-728-gc68057be0a (webtiles) character file.

Game seed: 14494706437953989036

411 BigDaddyOpFi the Covert (level 6, -4/28 HPs)
             Began as a Spriggan Earth Elementalist on Jan 31, 2023.
             Was a Priest of Qazlal.
             Slain by a gnoll sergeant
             ... wielding a +2 spear of venom
              (13 damage)
             ... in the Dungeon (Sprint VII: "The Pits").
             The game lasted 00:01:42 (710 turns).

BigDaddyOpFi the Covert (SpEE)                       Turns: 710, Time: 00:01:43

Health: -4/28      AC:  2    Str:  6    XL:     6   Next: 58%
Magic:  8/17       EV: 21    Int: 17    God:    Qazlal [***...]
Gold:   0          SH:  3    Dex: 15    Spells: 18/19 levels left

rFire   . . .      SeeInvis +    j - +2 long sword (holy)
rCold   . . .      Faith    .    (no shield)
rNeg    . . .      Spirit   .    a - +0 robe
rPois   .          Reflect  .    (helmet restricted)
rElec   .          Harm     .    (no cloak)
rCorr   .          Rampage  .    (gloves unavailable)
Will    +....      NoTele   +    (boots unavailable)
Stlth   +++                      (no amulet)
HPRegen 0.24/turn                (no ring)
MPRegen 0.15/turn                (no ring)

@: lethally poisoned (-4 -> -12), very quick
A: very small, no large weapons, unfitting armour, see invisible, speed 3
a: Renounce Religion, Upheaval, Elemental Force


You were in the Dungeon.
You worshipped Qazlal.
Qazlal was most pleased with you.
You visited 1 branch

Inventory:

Hand Weapons
 h - a +2 falchion
 j - a +2 long sword of holy wrath (weapon)
Armour
 a - a +0 robe (worn)
Scrolls
 g - a scroll of blinking
Potions
 b - 5 potions of magic
 c - 3 potions of curing
 d - 4 potions of heal wounds
 e - a potion of haste
 f - 3 potions of berserk rage
 i - 2 potions of invisibility


   Skills:
 + Level 7.4 Dodging
 + Level 8.9 Stealth
 + Level 7.1 Spellcasting
 + Level 7.0 Transmutations
 + Level 5.6 Earth Magic
 * Level 7.4 Invocations


You had 18 spell levels left.
You knew the following spells:

 Your Spells              Type           Power      Damage    Failure   Level
a - Sandblast             Erth           50%        2d12      1%          1

Your spell library contained the following spells:

 Spells                   Type           Power      Damage    Failure   Level
 Passwall                 Tmut/Erth      22%        N/A       1%          2
 Petrify                  Tmut/Erth      27%        N/A       9%          4
 Stone Arrow              Conj/Erth      30%        3d8       11%         3


Dungeon Overview and Level Annotations

Branches:
Dungeon (1/1)

Altars:
Ashenzari
Cheibriados
Dithmenos
Elyvilon
Fedhas
Gozag
Hepliaklqana
Kikubaaqudgha
Makhleb
Nemelex Xobeh
Okawaru
Qazlal
Ru
Sif Muna
Trog
Uskayaw
Vehumet
Wu Jian
Xom
Yredelemnul
Zin
The Shining One
Jiyva
Lugonu


Innate Abilities, Weirdness & Mutations

You are very small and have problems with some larger weapons.
You are too small for most types of armour.
You have supernaturally acute eyesight. (SInv)
You cover ground extremely quickly. (Speed+++)


Message History

Aiming: Sandblast (safe; 1% risk of failure)
Press: ? - help, Q - select action, (/) - cycle Shift-Dir - straight line, f/p - gnoll sergeant
Aim: a gnoll sergeant, wielding a +2 spear of venom and wearing a +0 ring mail (lightly wounded, 87% to hit)
The blast of sand hits the gnoll sergeant!
The gnoll sergeant is heavily wounded.
You feel very sick.
The gnoll sergeant hits you from afar with a +2 spear of venom.
* * * LOW HITPOINT WARNING * * *
You are more poisoned.
A gnoll comes into view. It is wielding a +0 club.
Unknown command.
You feel much better.
You feel very sick.
The gnoll sergeant hits you from afar with a +2 spear of venom.
You feel much better.
You feel very sick.
The gnoll sergeant hits you from afar with a +2 spear of venom.
You are lethally poisoned!
You feel very sick.
The gnoll hits you from afar with a +0 spear.
The gnoll sergeant misses you.
You see here a +0 club.
You feel better. The gnoll sergeant misses you.
The frilled lizard hisses.
The gnoll completely misses you.
You hit the gnoll sergeant but do no damage.
The gnoll sergeant is heavily wounded.
The gnoll hits you from afar with a +0 spear.
The gnoll sergeant hits you with a +2 spear of venom!
You are poisoned.
Aiming: Sandblast (safe; 1% risk of failure)
Press: ? - help, Q - select action, (/) - cycle Shift-Dir - straight line, f/p - gnoll sergeant
Aim: a gnoll sergeant, wielding a +2 spear of venom and wearing a +0 ring mail (heavily wounded, 87% to hit)
The blast of sand hits the gnoll sergeant!
The gnoll sergeant is almost dead.
You feel very sick.
The white imp lashes its tail.
You block the gnoll's attack.
The gnoll sergeant hits you with a +2 spear of venom!
You die...

##########.##.....
#...........'.....
#'#####'#####.....
#.#..#...'.##.....
#.#..#...#.#####'#
#.#..#####.##.....
#.#.†'...#.##.....
#.#..'...'.##.....
#@#..########...<.
#g#..'..))[##.....
#g#..#.)))[##.....
#l###########.....
#55.g.gg# ######
#l.#.#gg# #.## #
#.. #K#


You could see a gnoll sergeant, an iguana, a gnoll, a white imp, an ufetubus and
a frilled lizard.

Vanquished Creatures
  2 floating eyes (D)
  A kobold brigand (D)
  A bullfrog (D)
  A scorpion (D)
  A gnoll (D)
  An ufetubus (D)
  An endoplasm (D)
  A ball python skeleton (D)
  2 bats (D)
11 creatures vanquished.

Notes
Turn   | Place    | Note
-------+----------+-------------------------------------------
     0 | D        | BigDaddyOpFi the Spriggan Earth Elementalist began the
                  | quest for the Orb.
     0 | D        | Reached XP level 1. HP: 9/9 MP: 5/5
    15 | D        | Found a bloodstained altar of Trog.
    15 | D        | Found a shimmering blue altar of Sif Muna.
    15 | D        | Found a viscous altar of Jiyva.
    15 | D        | Found a hazy altar of Hepliaklqana.
    15 | D        | Found an opulent altar of Gozag.
    16 | D        | Found a glowing golden altar of the Shining One.
    16 | D        | Found a glowing silver altar of Zin.
    16 | D        | Found a basalt altar of Yredelemnul.
    16 | D        | Found a shimmering altar of Xom.
    16 | D        | Found an ornate altar of the Wu Jian Council.
    16 | D        | Found a sacrificial altar of Ru.
    16 | D        | Found a stormy altar of Qazlal.
    16 | D        | Found an iron altar of Okawaru.
    16 | D        | Found a sparkling altar of Nemelex Xobeh.
    16 | D        | Found a burning altar of Makhleb.
    16 | D        | Found a blossoming altar of Fedhas.
    16 | D        | Found a white marble altar of Elyvilon.
    16 | D        | Found a shadowy altar of Dithmenos.
    16 | D        | Found a snail-covered altar of Cheibriados.
    17 | D        | Found a radiant altar of Vehumet.
    17 | D        | Found a corrupted altar of Lugonu.
    18 | D        | Found an ancient bone altar of Kikubaaqudgha.
    18 | D        | Found a hide-covered altar of Uskayaw.
    18 | D        | Found a broken altar of Ashenzari.
    33 | D        | Became a worshipper of Qazlal Stormbringer
    63 | D        | Noticed a floating eye
    63 | D        | Noticed a floating eye
    65 | D        | Paralysed by a floating eye for 2 turns
    68 | D        | Killed a floating eye
    69 | D        | Reached skill level 5 in Dodging
    69 | D        | Reached skill level 6 in Stealth
    69 | D        | Reached XP level 2. HP: 13/13 MP: 1/8
    69 | D        | Reached XP level 3. HP: 16/16 MP: 1/10
    69 | D        | Reached XP level 4. HP: 21/21 MP: 1/11
    69 | D        | Killed a floating eye
    70 | D        | Reached skill level 7 in Stealth
    70 | D        | Reached skill level 5 in Transmutations
    70 | D        | Reached skill level 5 in Invocations
    70 | D        | Reached XP level 5. HP: 24/24 MP: 1/14
   365 | D        | Reached * piety under Qazlal
   366 | D        | Reached skill level 5 in Earth Magic
   371 | D        | Reached XP level 6. HP: 13/28 MP: 10/16
   541 | D        | Reached ** piety under Qazlal
   542 | D        | Reached skill level 8 in Stealth
   701 | D        | Reached *** piety under Qazlal
   710 | D        | Slain by a gnoll sergeant

Illustrated notes

Levels and vault maps discovered:
D:        pitsprint [storerooms_1, entrance_room_1, metal_vault_6, armoury_3,
          mini_pit_1, grid_room_1, main_hall_1, silver_pit, the_coven_1,
          the_vestibule_1, steel_vault_2, golden_pit, hallway_of_sentries,
          crystal_vault_2, iron_vault_2, final_vault]

Skill      XL: |  1  2  3  4  5  6 |
---------------+-------------------+-----
Dodging        | 5 6 7 |  7.4
Stealth        | 6 7 8 |  8.9
Spellcasting   | 4 6 7 |  7.1
Transmutations | 4 5 6 7 |  7.0
Earth Magic    | 4 5 |  5.6
Invocations    | 4 5 6 7 |  7.4

Action                     |  1- 3 |  4- 6 || total
---------------------------+-------+-------++-------
  Melee: Falchion          |       |     3 ||     3
         Long sword        |       |     1 ||     1
   Cast: Sandblast         |     4 |    23 ||    27
    Use: Potion            |       |     5 ||     5
 Armour: Robe              |       |     1 ||     1
  Dodge: Dodged            |       |    28 ||    28
  Block: Other             |       |     4 ||     4

Table legend: (Time is in decaauts)
 A = Elapsed time spent in this place.
 B = Non-inter-level travel time spent in this place.
 C = Inter-level travel time spent in this place.
 D = Time resting spent in this place.
 E = Time spent auto-exploring this place.
 F = Levels seen in this place.
 G = Mean time per level.
                   A        B        C        D        E       F      G
               +--------+--------+--------+--------+--------+-----+--------+
         Total |    672 |    662 |     10 |    522 |      0 |   1 |  672.0 |
       Dungeon |    672 |    662 |     10 |    522 |      0 |   1 |  672.0 |
               +--------+--------+--------+--------+--------+-----+--------+

Top non-repeatable levels by time:
       D: 672 daAuts
